 Dungeon Crawl Stone Soup version 0.27-a0-860-gaf99fae3ca (webtiles) character file.

Game seed: 15040849644334106343

1 CylonOven the Magician (level 1, 0/15 HPs)
             Began as a Djinni Fire Elementalist on Apr 1, 2021.
             Slain by a jackal (2 damage)
             ... on level 1 of the Dungeon.
             The game lasted 00:01:26 (128 turns).

CylonOven the Magician (Djinni Fire Elementalist)    Turns: 128, Time: 00:01:27

Health: 0/15       AC:  2    Str:  7    XL:     1   Next: 20%
Gold:   0          EV: 12    Int: 16    God:
                   SH:  0    Dex: 13

rFire    + + .     SeeInvis .   (no weapon)
rCold    x . .     Faith    .   (no shield)
rNeg     . . .     Spirit   .   a - +0 robe
rPois    ∞         Reflect  .   (no helmet)
rElec    .         Harm     .   (no cloak)
rCorr    .         Rampage  .   (no gloves)
Will     .....                  (boots unavailable)
Stlth    ++........             (no amulet)
HPRegen  0.05/turn              (no ring)
MPRegen  0.00/turn              (no ring)

@: flying
A: fire resistance 2, cold vulnerability 1, float, innate caster, hp casting,
extra vitality 1
a: no special abilities


You were on level 1 of the Dungeon.
You visited 1 branch of the dungeon, and saw 1 of its levels.

Inventory:

Armour
 a - a +0 robe (worn)
Jewellery
 b - an amulet of reflection
Potions
 c - a potion of attraction {unknown}


   Skills:
 + Level 2.2 Dodging
 + Level 1.5 Stealth
 + Level 2.7 Spellcasting


You couldn't memorise any spells.
You knew the following spells:

 Your Spells              Type           Power      Damage    Failure   Level
a - Foxfire               Conj/Fire      44%        2x1d6     6%          1
b - Conjure Flame         Conj/Fire      11%        6-21      19%         3
c - Inner Flame           Hex/Fire       11%        N/A       19%         3
d - Sticky Flame          Conj/Fire      11%        2d3       52%         4
e - Fireball              Conj/Fire      5%         3d5       86%         5
Your spell library was empty.

Dungeon Overview and Level Annotations

Branches:
Dungeon (1/15)

Altars:


Innate Abilities, Weirdness & Mutations

You are immune to poison.
Your flesh is very heat resistant. (rF++)
You are vulnerable to cold. (rC-)
You float through the air rather than walking.
You learn spells naturally, not from books.
Your magical power is your life essence.
You have superior vitality. (+4 HP)


Message History

The jackal closely misses you.
You closely miss the jackal.
The jackal is heavily wounded.
The jackal barely misses you.
You hit the jackal but do no damage.
The jackal is heavily wounded.
The jackal barely misses you. The jackal closely misses you.
You barely miss the jackal.
The jackal is heavily wounded.
The jackal bites you.
* * * LOW HITPOINT WARNING * * *
You hit the jackal.
The jackal is almost dead.
The jackal barely misses you.
The jackal bites you but does no damage.
You barely miss the jackal.
The jackal is almost dead.
The jackal closely misses you.
You hit the jackal but do no damage.
The jackal is almost dead.
The jackal misses you.
You closely miss the jackal.
The jackal is severely wounded.
The jackal closely misses you.
The jackal bites you but does no damage.
You hit the jackal but do no damage.
The jackal is severely wounded.
The jackal bites you.
* * * LOW HITPOINT WARNING * * *
You hit the jackal.
The jackal is almost dead.
The jackal completely misses you.
The jackal bites you but does no damage.
You hit the jackal but do no damage.
The jackal is almost dead.
The jackal bites you but does no damage.
You barely miss the jackal.
The jackal is almost dead.
The jackal bites you.
You die...

##...............
#................
#...##...##...##.
#..####..##..##
#..####..##..#
#...##...##...
#S.......##....
##hh.....####....
##@######## #####
####..####
#........#
#.######h# # #.#
#h########
#S........ .
#.########
....##.#########
#


You could see 2 jackals and a ball python.

Vanquished Creatures
  A jackal (D:1)
1 creature vanquished.

Vanquished Creatures (others)
  2 foxfires (D:1)
2 creatures vanquished.

Grand Total: 3 creatures vanquished

Notes
Turn   | Place    | Note
-------+----------+-------------------------------------------
     0 | D:1      | CylonOven the Djinni Fire Elementalist began the quest for
                  | the Orb.
     0 | D:1      | Reached XP level 1. HP: 15/15 MP: 0/0
   128 | D:1      | Slain by a jackal

Illustrated notes

Levels and vault maps discovered:
D:1:      minmay_arrival_four_loops, layout_loops_ring, basic_ecumenical_altar

Action                   || total
-------------------------++-------
Melee: Unarmed           ||    24
 Cast: Foxfire           ||     3
Armor: Robe              ||    12
Dodge: Dodged            ||    36

Table legend: (Time is in decaauts)
 A = Elapsed time spent in this place.
 B = Non-inter-level travel time spent in this place.
 C = Inter-level travel time spent in this place.
 D = Time resting spent in this place.
 E = Time spent auto-exploring this place.
 F = Levels seen in this place.
 G = Mean time per level.
                   A        B        C        D        E       F      G
               +--------+--------+--------+--------+--------+-----+--------+
         Total |    128 |    128 |      0 |      0 |     37 |   1 |  128.0 |
       Dungeon |    128 |    128 |      0 |      0 |     37 |   1 |  128.0 |
               +--------+--------+--------+--------+--------+-----+--------+

Top non-repeatable levels by time:
     D:1: 128 daAuts
